 Dungeon Crawl Stone Soup version 0.19-b1-4-gd8a0a2a (webtiles) character file.

21395 LORDOFBUTT the Blocker (level 13, -15/101 HPs)
             Began as a Formicid Fighter on Oct 31, 2016.
             Was a High Priest of Qazlal.
             Killed from afar by an orc sorcerer (20 damage)
             ... with a bolt of negative energy
             ... led by an orc warlord
             ... on level 2 of the Orcish Mines.
             The game lasted 00:19:47 (11317 turns).

LORDOFBUTT the Blocker (Formicid Fighter)          Turns: 11317, Time: 00:19:47

Health: -15/101    AC: 17    Str: 26    XL:     13   Next: 19%
Magic:  11/20      EV:  8    Int: 14    God:    Qazlal [*****.]
Gold:   989        SH: 20    Dex: 10    Spells: 0 memorised, 12 levels left

rFire  . . .     SeeInvis +     t - +2 war axe "Miguttil" {chop, Str+2 Int+2 SInv}
rCold  + + .     Gourm    .     j - +2 chain mail of Qazlal's Anger {rC+ Int+2}
rNeg   . . .     Faith    +     c - +1 shield
rPois  +         Spirit   .     (helmet unavailable)
rElec  .         Reflect  .     (no cloak)
rCorr  .         Harm     .     F - +1 pair of gloves
MR     +....                    (no boots)
Stlth  ..........               q - amulet of faith
                                i - ring of protection from cold
                                p - ring of poison resistance

@: protected from physical damage, repel missiles, very heavily drained
A: permanent stasis, dig shafts and tunnels, four strong arms, antennae 3
a: Dig, Shaft Self, Upheaval, Elemental Force, Disaster Area, Renounce Religion


You were on level 2 of the Orcish Mines.
You worshipped Qazlal.
Qazlal was extremely pleased with you.
You were not hungry.

You visited 3 branches of the dungeon, and saw 14 of its levels.

You collected 989 gold pieces.

Inventory:

Hand Weapons
 a - a +0 war axe
 t - the +2 war axe "Miguttil" (weapon) {chop, Str+2 Int+2 SInv}
   (You found it on level 7 of the Dungeon)

   It inflicts extra damage upon your enemies.
   It affects your strength (+2).
   It affects your intelligence (+2).
   It lets you see invisible.
Armour
 b - a +0 scale mail
 c - a +1 shield (worn)
 j - the +2 chain mail of Qazlal's Anger (worn) {rC+ Int+2}
   (You found it on level 4 of the Dungeon)

   It affects your intelligence (+2).
   It protects you from cold.
 F - a +1 pair of gloves (worn)
Jewellery
 g - an uncursed ring of stealth
 i - a ring of protection from cold (right hand)
 p - a ring of poison resistance (left hand)
 q - an amulet of faith (around neck)
 C - an uncursed ring of protection from cold
Wands
 n - a wand of lightning (12/15)
 o - a wand of lightning (10/15)
 z - a wand of iceblast (6/15)
 D - a wand of enslavement (11/24)
 E - a wand of flame (9/48)
 L - a wand of polymorph (12/24)
 O - a wand of slowing (39/48)
Scrolls
 l - 5 scrolls of identify
 v - 2 scrolls of recharging {unknown}
 x - a scroll of acquirement {unknown}
 y - 3 scrolls of remove curse
 G - a scroll of blinking {unknown}
 H - 2 scrolls of enchant armour
 J - a scroll of amnesia
 M - a scroll of vulnerability {unknown}
Potions
 d - 2 potions of magic
 h - a potion of agility
 k - a potion of cure mutation {unknown}
 r - 2 potions of lignification
 s - 2 potions of flight
 u - 2 potions of cancellation {unknown}
 w - a potion of berserk rage {unknown}
 A - 2 potions of degeneration {unknown}
 B - a potion of resistance {unknown}
 K - a potion of brilliance {unknown}
 N - a potion of might
Books
 I - a book of Minor Magic

   Spells                             Type                      Level
   a - Magic Dart                     Conjuration                  1
   b - Blink                          Translocation                2
   c - Call Imp                       Summoning                    2
   d - Repel Missiles                 Charms/Air                   2
   e - Slow                           Hexes                        2
   f - Conjure Flame                  Conjuration/Fire             3
   g - Mephitic Cloud                 Conjuration/Poison/Air       3
Comestibles
 f - 6 bread rations
 m - 8 royal jellies


   Skills:
 + Level 9.3(6.0) Fighting
 * Level 11.1(7.6) Axes
 + Level 9.4(6.1) Armour
 - Level 0.3(0.0) Dodging
 - Level 0.3(0.0) Stealth
 * Level 13.3(9.6) Shields
 * Level 10.4(7.0) Invocations


You had 12 spell levels left.
You didn't know any spells.

Dungeon Overview and Level Annotations

Branches:
Dungeon (11/15)            Temple (1/1) D:6            Lair (0/6) D:11
    Orc (2/2) D:10
    Elf: Orc:2

Altars:
Ashenzari
Cheibriados
Dithmenos
Elyvilon
Fedhas
Gozag
Hepliaklqana
Kikubaaqudgha
Makhleb
Nemelex Xobeh
Okawaru
Qazlal
Ru
Sif Muna
Trog
Uskayaw
Vehumet
Xom
Yredelemnul
Zin
The Shining One

Shops:
D:10 *   Orc:1 [


Innate Abilities, Weirdness & Mutations

You are under a permanent stasis effect.
You can dig through walls and to a lower floor.
Your four strong arms can wield two-handed weapons with a shield.
You have a pair of large antennae on your head. (SInv)


Message History

The troll claws you.
* * * LOW HITPOINT WARNING * * *
The troll claws you.
* * * LOW HITPOINT WARNING * * *
You feel more protected from physical attacks.
The ice devil hits you!
* * * LOW HITPOINT WARNING * * *
The ice devil freezes you! You resist.
* * * LOW HITPOINT WARNING * * *
You block the troll's attack. x2; The troll claws you.
* * * LOW HITPOINT WARNING * * *
The orc warrior is engulfed in freezing vapours.
Okay, then.
Items here: ) [[ † a leather armour; a flail; a chain mail; an orc corpse The orc sorcerer gestures at you while chanting.
The bolt of negative energy hits the ice devil.
The ice devil completely resists.
The bolt of negative energy hits you!
You feel drained.
You die...

...........).#... ...
..........).....
#....##......).).....
#.#..#.......o.o.....
#.......(...ooT......
#........§.§.o.......
#........§.4§........
{#.........§(#........
{{#.......§@§†(........ {
#..).)..))...........
######..).)...)§...)......
......)))[................
..(...)<)).........##'##..
.....())[)........##{..# .
....#$..##'##.##.## {..#
....(...#...#.##.# {{..#
..$(....#...#.#..# {.#


You could see an orc warlord, an ice devil, a troll, an orc sorcerer, 2 orc
warriors and an orc.

Vanquished Creatures
  2 orc high priests
  Sonja (Orc:1)
  An unseen horror (D:11)
  An orc knight (Orc:1)
  A cyclops (D:11)
  An ugly thing (D:10)
  2 wolf spiders (Orc:1)
  A kobold demonologist (D:8)
  A queen bee (D:8)
  2 two-headed ogres
  4 trolls
  A hornet (D:11)
  Prince Ribbit (D:7)
  2 hippogriffs
  A redback (Orc:1)
  8 yaks (D:10)
  A wraith (D:11)
  A tarantella (Orc:1)
  A wyvern (D:11)
  A vampire (D:10)
  3 chaos spawn (D:9)
  2 hungry ghosts
  Menkaure (D:7)
  8 wargs
  33 orc warriors
  2 phantoms
  4 ice beasts
  3 black bears
  A sky beast (D:6)
  2 necrophages
  4 centaurs
  8 ogres
  10 big kobolds
  8 bullfrogs
  10 scorpions
  19 killer bees
  2 centaur zombies
  A howler monkey (D:4)
  6 crimson imps
  A quasit (D:9)
  3 bullfrog zombies
  13 orc priests
  A hound (D:8)
  21 orc wizards
  4 centaur skeletons
  13 worker ants
  3 iguanas
  A hound skeleton (D:10)
  A howler monkey zombie (D:9)
  7 gnolls
  18 adders
  2 shadow imps
  An adder zombie (D:6)
  3 adder skeletons
  2 worms (D:3)
  5 leopard geckos
  86 orcs
  16 bats
  4 giant cockroaches
  11 goblins
  6 hobgoblins
  11 jackals
  6 quokkas
  A ball python (D:4)
  5 frilled lizards
  A giant cockroach zombie (D:6)
  25 kobolds
  A quokka skeleton (D:7)
  5 rats
438 creatures vanquished.

Vanquished Creatures (others)
  A fungus (D:5)
1 creature vanquished.

Grand Total: 439 creatures vanquished

Notes
Turn   | Place    | Note
-------+----------+-------------------------------------------
     0 | D:1      | LORDOFBUTT the Formicid Fighter began the quest for the Orb.
     0 | D:1      | Reached XP level 1. HP: 18/18 MP: 1/1
   153 | D:1      | Reached XP level 2. HP: 24/24 MP: 2/2
   261 | D:1      | Reached skill level 4 in Shields
   348 | D:1      | Reached XP level 3. HP: 29/29 MP: 3/3
   939 | D:1      | Reached XP level 4. HP: 7/35 MP: 4/4
  1943 | D:3      | Noticed a bullfrog
  1951 | D:3      | Killed a bullfrog
  1951 | D:3      | Reached skill level 5 in Shields
  1951 | D:3      | Reached XP level 5. HP: 28/42 MP: 5/5
  2313 | D:3      | Reached XP level 6. HP: 43/48 MP: 6/6
  3072 | D:4      | Got a bronze chain mail
  3083 | D:4      | Identified the +2 chain mail of Qazlal's Anger {rC+ Int+2} (You found it on level 4 of the Dungeon)
  3166 | D:4      | Found a sacrificial altar of Ru.
  3179 | D:4      | Found an iron altar of Okawaru.
  3427 | D:4      | Reached skill level 6 in Shields
  3427 | D:4      | Reached XP level 7. HP: 18/54 MP: 7/7
  3788 | D:5      | Entered Level 5 of the Dungeon
  4049 | D:5      | Found a white marble altar of Elyvilon.
  4270 | D:5      | Reached skill level 7 in Shields
  4270 | D:5      | Reached XP level 8. HP: 19/61 MP: 8/8
  4284 | D:5      | Reached skill level 5 in Fighting
  4284 | D:5      | Reached skill level 5 in Axes
  4295 | D:5      | Reached skill level 5 in Armour
  4578 | D:5      | Reached skill level 8 in Shields
  4873 | D:6      | Reached XP level 9. HP: 51/68 MP: 9/9
  5134 | D:6      | Reached skill level 9 in Shields
  5172 | D:6      | Found a staircase to the Ecumenical Temple.
  5185 | Temple   | Entered the Ecumenical Temple
  5407 | Temple   | Became a worshipper of Qazlal Stormbringer
  5605 | D:7      | Reached skill level 1 in Invocations
  6010 | D:7      | Got a polished war axe
  6011 | D:7      | Identified the +2 war axe "Miguttil" {chop, Str+2 Int+2 SInv} (You found it on level 7 of the Dungeon)
  6114 | D:7      | Reached * piety under Qazlal
  6199 | D:7      | Noticed Menkaure
  6209 | D:7      | Killed Menkaure
  6219 | D:7      | Noticed Prince Ribbit
  6222 | D:7      | Reached XP level 10. HP: 52/77 MP: 12/12
  6223 | D:7      | Killed Prince Ribbit
  6416 | D:7      | Found a deep blue altar of Sif Muna.
  6528 | D:8      | Reached skill level 10 in Shields
  6741 | D:8      | Reached ** piety under Qazlal
  6764 | D:8      | Reached skill level 5 in Invocations
  7185 | D:8      | Noticed a kobold demonologist
  7194 | D:8      | Noticed a sixfirhy
  7197 | D:8      | Killed a kobold demonologist
  7204 | D:8      | Reached XP level 11. HP: 76/84 MP: 15/15
  7444 | D:9      | Reached skill level 11 in Shields
  7447 | D:9      | Found a shimmering altar of Xom.
  7482 | D:9      | Reached *** piety under Qazlal
  8008 | D:10     | Entered Level 10 of the Dungeon
  8131 | D:10     | Reached **** piety under Qazlal
  8250 | D:10     | Found a staircase to the Orcish Mines.
  8371 | D:10     | Found Akulepaf's Assorted Antiques.
  8610 | D:11     | Found a staircase to the Lair.
  8649 | D:11     | Noticed an unseen horror
  8657 | D:11     | Killed an unseen horror
  8657 | D:11     | Reached skill level 12 in Shields
  8657 | D:11     | Reached XP level 12. HP: 88/93 MP: 18/18
  8800 | D:11     | Reached skill level 10 in Axes
  9005 | D:10     | Reached ***** piety under Qazlal
  9717 | Orc:1    | Entered Level 1 of the Orcish Mines
  9756 | Orc:1    | Noticed an orc high priest
 10001 | Orc:1    | Noticed a sun demon
 10001 | Orc:1    | Noticed a sun demon
 10005 | Orc:1    | Killed an orc high priest
 10035 | Orc:1    | Found Foblaenn's Antique Armour Boutique.
 10443 | Orc:2    | Entered Level 2 of the Orcish Mines
 10750 | Orc:2    | Noticed Sonja
 10767 | Orc:2    | Noticed an orc high priest
 10787 | Orc:1    | Killed Sonja
 10787 | Orc:1    | Reached skill level 10 in Invocations
 10978 | Orc:1    | Reached skill level 13 in Shields
 10978 | Orc:1    | Reached XP level 13. HP: 77/101 MP: 20/20
 11226 | Orc:2    | Reached ****** piety under Qazlal
 11307 | Orc:2    | Noticed an orc warlord
 11313 | Orc:2    | HP: 4/101 [troll[an orc warlord] (5)]
 11317 | Orc:2    | Killed from afar by an orc sorcerer

Skill      XL: |  1  2  3  4  5  6  7  8  9 10 11 12 13 |
---------------+----------------------------------------+-----
Shields        | 4 5 6 7 8 9 10 12 13 | 13.3
Axes           | 3 4 6 7 8 9 10 11 | 11.1
Armour         | 4 5 6 7 8 9 |  9.4
Fighting       | 4 5 6 7 8 9 |  9.3
Invocations    | 3 5 8 10 | 10.4
Dodging        | |  0.3
Stealth        | |  0.3

Action                   |  1- 3 |  4- 6 |  7- 9 | 10-12 | 13-15 || total
-------------------------+-------+-------+-------+-------+-------++-------
Melee: War axe           |   126 |   200 |   374 |   760 |    92 ||  1552
Invok: Upheaval          |       |       |       |     2 |     1 ||     3
       Disaster Area     |       |       |       |       |     1 ||     1
 Abil: Dig               |       |       |       |     1 |       ||     1
  Use: Potion            |     3 |       |     3 |     6 |       ||    12
       Scroll            |       |    12 |     1 |     2 |       ||    15
  Eat: Bread ration      |       |     2 |     1 |     4 |       ||     7
       Chunk             |       |       |     5 |     1 |       ||     6
       Fruit             |       |       |     3 |       |       ||     3
       Pizza             |       |       |     1 |       |       ||     1
       Beef jerky        |       |       |     1 |       |       ||     1
Armor: Scale mail        |    70 |    76 |       |       |       ||   146
       Chain mail        |       |    19 |   139 |   268 |    19 ||   445
Dodge: Dodged            |    54 |    80 |    79 |   172 |    14 ||   399
       Deflected         |       |       |       |     9 |     2 ||    11
Block: Shield            |    93 |   146 |   250 |   787 |    91 ||  1367
